AoeStats
← BooYaMoonAgain

Arena

509946091Analyzed
1v1 RM · 2d ago on Sep 28, 2026· 67m 45s· 2 players
Game mode
Random Map
Map size
Tiny (2 player)
Population
200
Speed
Normal
Resources
Standard
Victory
Conquest
Starting age
Dark Age
Ending age
Imperial Age
RankedLock teamsTeams togetherTeam positionsShared explorationLock speedFull tech treeHidden civsTurbo modeCheats
Victory
Defeat
🇺🇸 Spanish · United States
1254
+18
🇵🇪 Spanish · Peru
1290
-18
BooYaMoonAgain
10:56 Feudal Age
15:47 Castle Age
16:42 Double-Bit Axe
16:20 Light Cavalry
18:05 Husbandry
17:57 Loom
23:28 Bow Saw
23:28 Gold Mining
23:32 Stone Mining
24:10 Fervor
24:21 Sanctity
24:59 Redemption
26:11 Bloodlines
26:40 Scale Barding Armor
26:45 Forging
28:49 Fletching
30:53 Elite Skirmisher
32:26 Bodkin Arrow
32:52 Chain Barding Armor
35:50 Imperial Age
33:32 Padded Archer Armor
34:12 Horse Collar
34:50 Leather Archer Armor
39:20 Ballistics
40:02 Ring Archer Armor
39:32 Bracer
42:02 Block Printing
42:28 Chain Barding Armor
43:37 Chemistry
43:27 Iron Casting
43:16 Inquisition
44:12 Wheelbarrow
43:22 Town Watch
43:13 Cavalier
44:42 Plate Barding Armor
44:51 Masonry
45:25 Squires
44:45 Pikeman
46:34 Two-Man Saw
46:16 Fortified Wall
46:38 Architecture
47:30 Blast Furnace
46:46 Paladin
49:38 Halberdier
50:21 Scale Mail Armor
54:00 Chain Mail Armor
54:41 Theocracy
54:30 Elite Conquistador
56:57 Hussar
jamasud
9:48 Feudal Age
10:40 Loom
14:11 Castle Age
12:59 Stone Mining
13:12 Double-Bit Axe
13:47 Horse Collar
16:09 Bow Saw
18:17 Town Watch
20:31 Gold Mining
23:33 Devotion
26:02 Husbandry
27:11 Wheelbarrow
28:04 Bloodlines
32:40 Imperial Age
30:57 Scale Barding Armor
30:43 Fletching
30:37 Light Cavalry
32:33 Padded Archer Armor
33:12 Chain Barding Armor
34:10 Block Printing
35:03 Chemistry
34:35 Hand Cart
35:05 Conscription
36:32 Conscription
37:18 Plate Barding Armor
36:55 Forging
37:01 Bodkin Arrow
37:07 Heavy Plow
37:45 Stone Shaft Mining
38:36 Iron Casting
38:21 Leather Archer Armor
37:31 Cavalier
42:41 Ring Archer Armor
42:47 Iron Casting
44:06 Hoardings
46:11 Ballistics
46:02 Masonry
45:48 Murder Holes
48:16 Two-Man Saw
47:18 Elite Conquistador
48:35 Coinage
48:44 Supremacy
48:53 Paladin
50:48 Blast Furnace
49:44 Bodkin Arrow
49:51 Scale Mail Armor
50:13 Sanctity
50:56 Bracer
55:04 Banking
55:41 Chain Mail Armor
54:48 Pikeman
54:48 Man-at-Arms
55:14 Gambesons
55:29 Squires
55:15 Arson
56:53 Long Swordsman
56:55 Halberdier
57:46 Hussar
60:20 Fortified Wall
60:41 Architecture
61:20 Two-Handed Swordsman
63:32 Champion
Connection lost

Rejoining the realm…

Still unreachable

The connection could not be restored.

Session expired

The server has moved on; the page needs a fresh start.